 Dungeon Crawl Stone Soup version 0.28-a0-1199-gef9e1dbd39 (webtiles) character file.

Game seed: 14644446454223169283

317 ChaosChampion the Ruffian (level 6, -19/47 HPs)
             Began as a Draconian Transmuter on Dec 19, 2021.
             Killed from afar by Ijyb (32 damage)
             ... with a bolt of acid
             ... on level 3 of the Dungeon.
             The game lasted 00:03:26 (3534 turns).

ChaosChampion the Ruffian (Draconian Transmuter)    Turns: 3534, Time: 00:03:27

Health: -19/47     AC:  2    Str: 13    XL:     6   Next: 20%
Magic:  7/9        EV: 12    Int: 15    God:
Gold:   216        SH:  0    Dex: 11    Spells: 4/9 levels left

rFire   . . .      SeeInvis +     - Unarmed
rCold   . . .      Faith    .   (no shield)
rNeg    . . .      Spirit   .   (armour unavailable)
rPois   .          Reflect  .   (helmet currently unavailable)
rElec   .          Harm     .   (no cloak)
rCorr   .          Rampage  .   (no gloves)
Will    .....                   (boots currently unavailable)
Stlth   +.........              (no amulet)
HPRegen 0.15/turn               k - ring of see invisible
MPRegen 0.11/turn               (no ring)

@: appendages, wereblooded, corroded
A: horns 2, talons 2, AC +6, unfitting armour, cold-blooded
a: End Transformation


You were on level 3 of the Dungeon.
You had temporarily grown beastly horns and talons.
You visited 1 branch of the dungeon, and saw 5 of its levels.

You collected 216 gold pieces.

Inventory:

Missiles
 g - 10 poisoned darts (quivered)
 j - a throwing net
Jewellery
 k - a ring of see invisible (left hand)
Scrolls
 a - a scroll of identify
 b - a scroll of teleportation
 f - a scroll of fog
 h - 3 scrolls of amnesia
 l - a scroll of vulnerability
Potions
 c - 2 potions of haste
 d - a potion of resistance {unknown}
 e - 2 potions of curing
 i - a potion of might


   Skills:
 - Level 1.1 Fighting
 - Level 1.7 Dodging
 * Level 6.0 Unarmed Combat
 - Level 2.0 Spellcasting
 + Level 4.1 Transmutations


You had 4 spell levels left.
You knew the following spells:

 Your Spells              Type           Power      Damage    Failure   Level
a - Beastly Appendage     Tmut           26%        N/A       4%          1
b - Wereblood             Tmut           13%        N/A       6%          2
z - Passwall              Tmut/Erth      5%         N/A       14%         2

Your spell library contained the following spells:

 Spells                   Type           Power      Damage    Failure   Level
 Sandblast                Erth           2%         2d4       22%         1
 Spider Form              Tmut/Pois      7%         N/A       28%         3
 Stone Arrow              Conj/Erth      2%         3d7       54%         3
 Ice Form                 Ice/Tmut       7%         N/A       67%         4


Dungeon Overview and Level Annotations

Branches:
Dungeon (5/15)
 Temple: D:4-7

Altars:

Shops:
D:2 :

Annotations:
D:3 Ijyb


Innate Abilities, Weirdness & Mutations

You have temporarily grown beastly horns and talons.
Your plain brown scales are hard. (AC +6)
You cannot fit into any form of body armour.
You are cold-blooded and may be slowed by cold attacks.


Message History

A goblin is nearby!
Casting: Passwall (safe; 14% risk of failure)
Confirm with . or Enter, or press ? or * to list all spells.
You grow a pair of large bovine horns.
Your feet morph into talons.
Ijyb the Twisted Goblin comes into view.
She is wielding a +0 dagger and carrying a wand of acid (9).
Casting: Beastly Appendage (safe; 4% risk of failure)
Confirm with . or Enter, or press ? or * to list all spells.
Your blood is infused with primal strength.
Ijyb shouts!
The goblin closely misses you.
You hit the goblin.
You kill the goblin!
You howl as the wereblood boils in your veins!
You howl as the wereblood boils in your veins!
Throw: 14 darts (poison)
Press: ? - help, Q - select action, (/) - cycle Shift-Dir - straight line, f - Ijyb
Aim: Ijyb, wielding a +0 dagger, wearing a +0 chain mail and carrying a wand of acid (9) (56% to hit)
You throw a poisoned dart. The poisoned dart closely misses Ijyb.
Throw: 13 darts (poison)
Press: ? - help, Q - select action, (/) - cycle Shift-Dir - straight line, f/p - Ijyb
Aim: Ijyb, wielding a +0 dagger, wearing a +0 chain mail and carrying a wand of acid (9) (56% to hit)
You throw a poisoned dart. The poisoned dart barely misses Ijyb.
You howl as the wereblood boils in your veins!
Ijyb zaps a wand.
The bolt of acid hits you!
Throw: 12 darts (poison)
Press: ? - help, Q - select action, (/) - cycle Shift-Dir - straight line, f/p - Ijyb
Aim: Ijyb, wielding a +0 dagger, wearing a +0 chain mail and carrying a wand of acid (8) (56% to hit)
You throw a poisoned dart. The poisoned dart hits Ijyb.
Ijyb is poisoned.
Throw: 11 darts (poison)
Press: ? - help, Q - select action, (/) - cycle Shift-Dir - straight line, f/p - Ijyb
Aim: Ijyb, wielding a +0 dagger, wearing a +0 chain mail and carrying a wand of acid (8) (lightly wounded, poisoned, 56% to hit)
You throw a poisoned dart. The poisoned dart hits Ijyb.
Ijyb looks even sicker.
Ijyb is lightly wounded.
Ijyb zaps a wand.
The bolt of acid hits you!!
Ouch! That really hurt!
* * * LOW HITPOINT WARNING * * *
The acid corrodes you!
Ijyb zaps a wand.
The bolt of acid hits you!!
Ouch! That really hurt!
You die...

## #### .# # ..# ### # .#.
#.# ##..
#.#.###.############..>
##.#.##.....)..........#
.###..).............###..##
.(..(g....@########.###.##
.........................##
.#.##.#.##.#..####.#.##.#.#
#.#.##.#..###.###.#.##. .
..##.#<.##...#♣P..##.
.....##.#..#.##PP..#....
.#...###........÷.....##.
#.##.# ###..##♣P÷P..P###.
#...#P..≈≈♣..###.


You could see Ijyb (very poisoned).

Vanquished Creatures
  Sigmund (D:3)
  A bullfrog zombie (D:5)
  Jessica (D:2)
  5 adders
  A shadow imp (D:5)
  3 worms
  2 dart slugs (D:1)
  4 ball pythons
  2 endoplasms
  5 giant cockroaches
  6 goblins
  4 hobgoblins
  4 quokkas
  4 bats
  A frilled lizard (D:1)
  2 kobolds
  4 rats
50 creatures vanquished.

Vanquished Creatures (others)
  5 fungi (D:3)
  5 plants (D:3)
  4 toadstools (D:3)
14 creatures vanquished.

Grand Total: 64 creatures vanquished

Notes
Turn   | Place    | Note
-------+----------+-------------------------------------------
     0 | D:1      | ChaosChampion the Draconian Transmuter began the quest for
                  | the Orb.
     0 | D:1      | Reached XP level 1. HP: 16/16 MP: 3/3
   513 | D:1      | Reached XP level 2. HP: 23/23 MP: 3/5
  1074 | D:2      | Found Wuoha's Book Shoppe.
  1349 | D:2      | Found a faded altar of an unknown god.
  1402 | D:2      | Reached XP level 3. HP: 23/28 MP: 4/6
  1619 | D:2      | Noticed Jessica
  1628 | D:2      | Killed Jessica
  1629 | D:2      | Reached skill level 4 in Unarmed Combat
  1830 | D:2      | Reached XP level 4. HP: 25/35 MP: 5/7
  2548 | D:3      | Noticed Sigmund
  2569 | D:3      | HP: 1/35 [Sigmund/puff of flame (7)]
  2588 | D:3      | Killed Sigmund
  2589 | D:3      | Reached skill level 5 in Unarmed Combat
  2589 | D:3      | Reached XP level 5. HP: 24/40 MP: 8/8
  2889 | D:3      | You fall into a shaft and drop 2 floors!
  2889 | D:5      | Entered Level 5 of the Dungeon
  2930 | D:5      | Identified the +2 leather armour of Love and Death {Will+
                  | Str+3 Int+4 Dex-3}
  2992 | D:5      | Reached XP level 6. HP: 42/47 MP: 7/9
  3236 | D:4      | Reached skill level 6 in Unarmed Combat
  3242 | D:4      | Learned a level 2 spell: Wereblood
  3245 | D:4      | Learned a level 2 spell: Passwall
  3525 | D:3      | Noticed Ijyb
  3534 | D:3      | Killed from afar by Ijyb

Illustrated notes

Levels and vault maps discovered:
D:1:      dpeg_arrival_court, layout_basic
D:2:      layout_rooms, dreamdust_ecumenical_altar_hidden_monk_grotto,
          serial_shops, nicolae_shop_hallway_stairs, serial_rivers,
          chequers_serial_rivers_micro_e, chequers_serial_rivers_room_a,
          chequers_serial_rivers_micro_c, chequers_serial_rivers_small_b,
          chequers_serial_rivers_micro_e, chequers_serial_rivers_room_b,
          uniq_jessica
D:3:      layout_loops_ring, serial_bayou_pond_a, minmay_gold_behind_fungi,
          corner_web_ring, uniq_ijyb, uniq_sigmund, uniq_crazy_yiuf_cottage
D:4:      layout_basic, serial_co_window_serial, co_window_corner_a,
          co_window_cross_1, co_window_of_opportunity_a,
          co_window_of_opportunity_a, co_window_paths_a, co_window_corner_b,
          co_window_2corner, co_window_corner_cb, co_window_broadway_c,
          co_window_paths_c, co_window_corner_b, co_window_cross_3,
          co_window_4corner_a, glass_columns_c, st_stairs_7
D:5:      layout_basic, nicolae_overflow_crystal_walls

Skill      XL: |  1  2  3  4  5  6 |
---------------+-------------------+-----
Unarmed Combat | 4 5 6 |  6.0
Transmutations | 3 4 |  4.1
Fighting       | |  1.1
Dodging        | |  1.7
Spellcasting   | |  2.0

Action                   |  1- 3 |  4- 6 || total
-------------------------+-------+-------++-------
Melee: Unarmed           |    47 |    91 ||   138
       Kick              |     6 |    19 ||    25
       Headbutt          |     5 |    10 ||    15
       Tailslap          |     3 |     7 ||    10
       Punch             |       |     1 ||     1
Throw: Dart              |     9 |     6 ||    15
 Cast: Beastly Appendage |    14 |    17 ||    31
       Passwall          |       |     1 ||     1
       Wereblood         |       |     1 ||     1
  Use: Potion            |       |     4 ||     4
       Scroll            |       |     8 ||     8
 Stab: Sleeping          |       |     1 ||     1
Armor: Skin              |    12 |    30 ||    42
Dodge: Dodged            |    28 |    60 ||    88

Table legend: (Time is in decaauts)
 A = Elapsed time spent in this place.
 B = Non-inter-level travel time spent in this place.
 C = Inter-level travel time spent in this place.
 D = Time resting spent in this place.
 E = Time spent auto-exploring this place.
 F = Levels seen in this place.
 G = Mean time per level.
                   A        B        C        D        E       F      G
               +--------+--------+--------+--------+--------+-----+--------+
         Total |   3523 |   3426 |     97 |      0 |   2969 |   5 |  704.6 |
       Dungeon |   3523 |   3426 |     97 |      0 |   2969 |   5 |  704.6 |
               +--------+--------+--------+--------+--------+-----+--------+

Top non-repeatable levels by time:
     D:1: 1073 daAuts
     D:2: 1025 daAuts
     D:3: 821 daAuts
     D:4: 388 daAuts
     D:5: 215 daAuts
